 Dungeon Crawl Stone Soup version 0.20.1-1-g8b1a95d66d (webtiles) character file.

378 Peloso the Covered (level 7, -2/46 HPs)
             Began as a Halfling Fighter on Nov 17, 2017.
             Slain by Peloso's ghost (9 damage)
             ... on level 3 of the Dungeon.
             The game lasted 00:08:06 (2192 turns).

Peloso the Covered (Halfling Fighter)               Turns: 2192, Time: 00:08:06

Health: -2/46      AC:  9    Str: 19    XL:     7   Next: 4%
Magic:  7/7        EV:  6    Int:  6    God:
Gold:   191        SH:  9    Dex: 14    Spells: 6/6 levels left

rFire    . . .     SeeInvis .   a - +0 long sword
rCold    . . .     Gourm    .   c - +0 shield
rNeg     . . .     Faith    .   b - +0 chain mail
rPois    .         Spirit   .   (no helmet)
rElec    .         Reflect  .   (no cloak)
rCorr    .         Harm     .   (no gloves)
MR       .....                  (no boots)
Stlth    ..........             i - amulet of regeneration
Regen    0.6/turn               (no ring)
MPRegen  0.1/turn               (no ring)

@: heavily drained
A: mutation resistance 1
a: no special abilities


You were on level 3 of the Dungeon.
You were not hungry.

You visited 1 branch of the dungeon, and saw 3 of its levels.

You collected 191 gold pieces.

Inventory:

Hand Weapons
 a - a +0 long sword (weapon)
Armour
 b - a +0 chain mail (worn)
 c - a +0 shield (worn)
Jewellery
 i - an amulet of regeneration (around neck)
 q - an uncursed amulet of harm
Scrolls
 e - a scroll of enchant armour {unknown}
 g - 5 scrolls of remove curse {unknown}
 j - a scroll of teleportation {unknown}
 p - a scroll of immolation {unknown}
Potions
 d - a potion of haste {unknown}
 l - a potion of flight {unknown}
 m - a potion of agility
 n - a potion of mutation {unknown}
 o - a potion of resistance {unknown}
Comestibles
 f - 2 bread rations
 h - 3 fruits
 k - a royal jelly


   Skills:
 + Level 3.4(1.8) Fighting
 + Level 4.4(2.7) Long Blades
 + Level 4.6(2.9) Armour
 + Level 1.6(0.1) Dodging
 + Level 0.2(0.0) Stealth
 + Level 4.6(2.8) Shields


You had 6 spell levels left.
You didn't know any spells.

Dungeon Overview and Level Annotations

Branches:
Dungeon (3/15)

Altars:

Annotations:
D:3 Peloso's ghost, amateur HaFi


Innate Abilities, Weirdness & Mutations

You are small and have problems with some larger weapons.
You are somewhat resistant to further mutation.


Message History

Peloso's ghost is severely damaged.
Peloso's ghost hits you but does no damage. x2
You hit Peloso's ghost.
Peloso's ghost is severely damaged.
You block Peloso's ghost's attack.
You closely miss Peloso's ghost.
Peloso's ghost is severely damaged.
You block Peloso's ghost's attack.
You hit Peloso's ghost but do no damage.
Peloso's ghost is severely damaged.
Peloso's ghost hits you!
Peloso's ghost hits you but does no damage.
You closely miss Peloso's ghost.
Peloso's ghost is severely damaged.
Peloso's ghost hits you!
* * * LOW HITPOINT WARNING * * *
You closely miss Peloso's ghost.
Peloso's ghost is severely damaged.
Peloso's ghost hits you!
You die...

#.#.##..
#.#.##.# # .
#>#.##.#.# # #
#.##.#.#
#.#.##.#.#####
#.............
###..........#
####W#.###.#
#@#.# #.#.#
#<# # #.. ###


You could see Peloso's ghost.

Vanquished Creatures
  Sigmund (D:2)
  An orc priest (D:3)
  Terence (D:2)
  5 adders
  4 worms (D:2)
  3 dart slugs (D:2)
  3 leopard geckos
  8 orcs (D:3)
  A ball python (D:2)
  11 bats
  2 giant cockroaches
  13 goblins
  8 hobgoblins
  9 jackals
  2 quokkas
  3 frilled lizards (D:2)
  3 kobolds
  8 rats
86 creatures vanquished.

Notes
Turn   | Place    | Note
-------+----------+-------------------------------------------
     0 | D:1      | Peloso the Halfling Fighter began the quest for the Orb.
     0 | D:1      | Reached XP level 1. HP: 15/15 MP: 1/1
    94 | D:1      | Reached XP level 2. HP: 18/20 MP: 2/2
   652 | D:2      | Reached XP level 3. HP: 20/25 MP: 3/3
   734 | D:2      | Noticed Terence
   753 | D:2      | Killed Terence
   753 | D:2      | Reached XP level 4. HP: 29/31 MP: 4/4
  1208 | D:2      | Reached skill level 1 in Dodging
  1208 | D:2      | Reached XP level 5. HP: 32/36 MP: 5/5
  1253 | D:2      | Noticed Sigmund
  1290 | D:2      | Killed Sigmund
  1290 | D:2      | Reached XP level 6. HP: 11/42 MP: 6/6
  1907 | D:3      | Reached XP level 7. HP: 29/46 MP: 7/7
  2169 | D:3      | Noticed Peloso's ghost (amateur HaFi)
  2192 | D:3      | Slain by Peloso's ghost

Skill      XL: |  1  2  3  4  5  6 |
---------------+-------------------+-----
Fighting       | 3 |  3.4
Shields        | 4 |  4.6
Dodging        | 1 |  1.6
Long Blades    | 3 4 |  4.4
Armour         | 4 |  4.6
Stealth        | |  0.2

Action                   |  1- 3 |  4- 6 |  7- 9 || total
-------------------------+-------+-------+-------++-------
Melee: Long sword        |    97 |   214 |    48 ||   359
  Use: Scroll            |     2 |     1 |       ||     3
       Potion            |       |     2 |       ||     2
  Eat: Chunk             |       |     4 |     1 ||     5
Armor: Scale mail        |    39 |    65 |     4 ||   108
       Chain mail        |       |       |    13 ||    13
Dodge: Dodged            |    39 |   106 |     8 ||   153
Block: Shield            |    59 |   111 |    17 ||   187
       Rpst.: Long sword |    13 |    41 |       ||    54
